 Dungeon Crawl Stone Soup version 0.20.2-3-g29329e0561 (webtiles) character file.

251 Alfie the Covered (level 6, 0/53 HPs)
             Began as a Hill Orc Fighter on Nov 22, 2023.
             Slain by an ogre
             ... wielding a +0 giant spiked club
              (18 damage)
             ... on level 4 of the Dungeon.
             The game lasted 00:06:58 (2720 turns).

Alfie the Covered (Hill Orc Fighter)                Turns: 2720, Time: 00:06:58

Health: 0/53       AC:  8    Str: 23    XL:     6   Next: 13%
Magic:  6/6        EV:  8    Int:  8    God:
Gold:   156        SH:  9    Dex: 10    Spells: 5/5 levels left

rFire    . . .     SeeInvis .   a - +0 rapier
rCold    . . .     Gourm    .   c - +0 shield
rNeg     . . .     Faith    .   b - +0 scale mail
rPois    +         Spirit   .   (no helmet)
rElec    .         Reflect  .   (no cloak)
rCorr    .         Harm     .   (no gloves)
MR       .....                  w - +0 pair of boots
Stlth    ..........             (no amulet)
Regen    0.2/turn               e - +2 ring of strength
MPRegen  0.1/turn               l - ring of poison resistance

@: no status effects
A: no striking features
a: no special abilities


You were on level 4 of the Dungeon.
You were not hungry.

You visited 1 branch of the dungeon, and saw 4 of its levels.

You collected 156 gold pieces.

Inventory:

Hand Weapons
 a - a +0 rapier (weapon)
Missiles
 p - 4 tomahawks (quivered)
Armour
 b - a +0 scale mail (worn)
 c - a +0 shield (worn)
 w - a +0 pair of boots (worn)
Jewellery
 e - a +2 ring of strength (left hand)
 l - a ring of poison resistance (right hand)
Wands
 y - a wand of scattershot (4/9)
Scrolls
 h - a scroll of magic mapping {unknown}
 i - a scroll of amnesia
 n - a scroll of enchant weapon {unknown}
 o - 2 scrolls of teleportation
 s - a scroll of enchant armour {unknown}
 t - 3 scrolls of remove curse {unknown}
 x - a scroll of fog {unknown}
Potions
 d - a potion of might
 j - a potion of agility {unknown}
 m - a potion of ambrosia {unknown}
 q - a potion of brilliance {unknown}
 r - a potion of berserk rage {unknown}
 u - a potion of lignification {unknown}
Comestibles
 f - 4 bread rations
 v - a royal jelly


   Skills:
 + Level 4.4 Fighting
 + Level 3.9 Short Blades
 + Level 0.5 Throwing
 + Level 4.5 Armour
 + Level 1.1 Dodging
 + Level 0.1 Stealth
 + Level 4.1 Shields


You had 5 spell levels left.
You didn't know any spells.

Dungeon Overview and Level Annotations

Branches:
Dungeon (4/15)
 Temple: D:4-7

Altars:
Cheibriados
The Shining One

Annotations:
D:4 Alfie's ghost, novice HOFi


Message History

You block the adder's attack.
The ogre hits you with a giant spiked club!!
Ouch! That really hurt!
An adder skeleton comes into view.
You block the adder's attack. You block the adder's attack.
Your shield prevents you from hitting the adder.
The adder bites you but does no damage.
Your scale mail prevents you from hitting the adder.
You block the adder's attack. The ogre hits you but does no damage.
You hit the adder.
The adder is heavily wounded.
The adder bites you but does no damage.
The ogre hits you with a giant spiked club!
The adder bites you but does no damage.
You hit the adder but do no damage.
The adder is heavily wounded.
The adder bites you but does no damage.
The ogre hits you with a giant spiked club!!
You die...

........
#..≈≈..........
#...............
#...............
#........# #...
#.......# #..
#≈Z.....# #..
###8≈.....# #..
#@S≈......## ##..
##O........####...
#................
#................
#....≈≈..........
#.....≈..........
##...............
#####......≈....
##....§8≈...


You could see an ogre, an adder and an adder skeleton.

Vanquished Creatures
  2 orc wizards (D:3)
  Natasha (D:3)
  A worker ant (D:4)
  2 adders (D:2)
  2 oozes
  3 worms
  2 dart slugs
  4 leopard geckos
  16 orcs (D:3)
  8 bats
  6 giant cockroaches
  12 goblins
  10 hobgoblins
  2 quokkas (D:3)
  A frilled lizard (D:1)
  7 kobolds
  8 rats
87 creatures vanquished.

Notes
Turn   | Place    | Note
-------+----------+-------------------------------------------
     0 | D:1      | Alfie the Hill Orc Fighter began the quest for the Orb.
     0 | D:1      | Reached XP level 1. HP: 19/19 MP: 1/1
   104 | D:1      | Found a snail-covered altar of Cheibriados.
   158 | D:1      | Reached XP level 2. HP: 27/27 MP: 2/2
   718 | D:1      | Found a glowing golden altar of the Shining One.
   843 | D:2      | Reached XP level 3. HP: 33/33 MP: 3/3
  1470 | D:2      | Reached XP level 4. HP: 38/40 MP: 4/4
  2050 | D:3      | Noticed Natasha
  2058 | D:3      | Killed Natasha
  2058 | D:3      | Reached skill level 1 in Dodging
  2058 | D:3      | Reached XP level 5. HP: 16/46 MP: 5/5
  2448 | D:3      | Reached XP level 6. HP: 53/53 MP: 6/6
  2669 | D:4      | Noticed Alfie's ghost (novice HOFi)
  2720 | D:4      | Slain by an ogre

Skill      XL: |  1  2  3  4 |
---------------+-------------+-----
Fighting       | 4 |  4.4
Armour         | 4 |  4.5
Shields        | 4 |  4.1
Short Blades   | 3 |  3.9
Dodging        | 1 |  1.1
Throwing       | |  0.5
Stealth        | |  0.1

Action                   |  1- 3 |  4- 6 || total
-------------------------+-------+-------++-------
Melee: Rapier            |   126 |   187 ||   313
Throw: Tomahawk          |       |     7 ||     7
  Use: Scroll            |       |     4 ||     4
  Eat: Bread ration      |     1 |       ||     1
       Fruit             |       |     2 ||     2
Armor: Scale mail        |    66 |    65 ||   131
Dodge: Dodged            |    40 |    52 ||    92
Block: Shield            |    68 |    78 ||   146
